 Dungeon Crawl Stone Soup version 0.21-a0-504-g2eda330 (webtiles) character file.

401 dvd the Cudgeler (level 6, -6/61 HPs)
             Began as a Troll Berserker on Nov 25, 2017.
             Was a Believer of Trog.
             Mangled by EnegeticOcto's ghost (8 damage)
             ... on level 4 of the Dungeon.
             The game lasted 00:08:13 (2553 turns).

dvd the Cudgeler (Troll Berserker)                  Turns: 2553, Time: 00:08:14

Health: -6/61      AC:  9    Str: 26    XL:     6   Next: 54%
Magic:  4/5        EV: 10    Int:  8    God:    Trog [**....]
Gold:   148        SH:  0    Dex: 11    Spells: 5/5 levels left

rFire    . . .     SeeInvis .   t - -3 mace (curse)
rCold    . . .     Gourm    +   (no shield)
rNeg     . . .     Faith    .   m - +1 animal skin
rPois    .         Spirit   .   (helmet restricted)
rElec    .         Reflect  .   v - +2 cloak
rCorr    .         Harm     .   (gloves unavailable)
MR       .....                  (boots unavailable)
Stlth    +.........             (no amulet)
HPRegen  0.60/turn              (no ring)
MPRegen  0.09/turn              (no ring)

@: brilliant, berserk cooldown, drained
A: large, unfitting armour, claws 3, fast metabolism 3, gourmand, regeneration
1, shaggy fur 1, tough skin 2
a: Berserk, Trog's Hand, Burn Spellbooks, Renounce Religion


You were on level 4 of the Dungeon.
You worshipped Trog.
Trog was pleased with you.
You were full.

You visited 1 branch of the dungeon, and saw 4 of its levels.

You collected 148 gold pieces.

Inventory:

Hand Weapons
 a - a +0 mace
 b - a +0 hand axe
 r - a +0 whip
 t - a cursed -3 mace (weapon)
 u - a +2 quarterstaff of chaos
Missiles
 e - 176 stones (quivered)
Armour
 m - a +1 animal skin (worn)
 v - a +2 cloak (worn)
Scrolls
 i - 3 scrolls of fog
 k - 3 scrolls of teleportation
 l - 7 scrolls of identify
Potions
 f - a potion of resistance {unknown}
 g - a potion of curing {unknown}
 h - a potion of invisibility {unknown}
 j - a potion of brilliance
 n - a potion of flight {unknown}
 q - a potion of magic
 s - 2 potions of might {unknown}
Comestibles
 c - 3 bread rations
 d - a royal jelly
 o - 3 chunks of flesh


   Skills:
 + Level 3.3(3.0) Fighting
 + Level 4.4(4.1) Maces & Flails
 + Level 2.6(2.3) Throwing
 + Level 3.3(3.0) Dodging
 + Level 0.8(0.5) Stealth


You had 5 spell levels left.
You didn't know any spells.

Dungeon Overview and Level Annotations

Branches:
Dungeon (4/15)
 Temple: D:4-7

Altars:
Fedhas

Annotations:
D:4 EnegeticOcto's ghost, novice GnWn


Innate Abilities, Weirdness & Mutations

You are too large for most types of armour.
You have claws for hands.
Your metabolism is lightning-fast.
You like to eat raw meat.
Your natural rate of healing is unusually fast.
You are covered in fur. (AC +1)
You have very tough skin. (AC +2)


Message History

Your transformation has ended.
Your cursed -3 mace unmelds from your body.
Your +2 cloak unmelds from your body.
Your +1 animal skin unmelds from your body.
You feel sick. EnegeticOcto's ghost hits you.
* * * LOW HITPOINT WARNING * * *
You feel sick.
You are no longer poisoned.
You feel yourself speed up. EnegeticOcto's ghost hits you.
* * * LOW HITPOINT WARNING * * *
EnegeticOcto's ghost freezes you.
* * * LOW HITPOINT WARNING * * *
Okay, then.
Unknown command.
It was a potion of brilliance.
You feel clever all of a sudden. EnegeticOcto's ghost hits you!
You die...

### ##### ####
#.###############.#.####.
.....####.......@W......)........
............##############.....##
.......<.#### #...#...#
........## #..## ..# .........
###).## .# .......... ##.....## .
#.........# #.......# ##.########
##.......## #.# #.........#


You could see EnegeticOcto's ghost.

Vanquished Creatures
  Sigmund (D:3)
  The ghost of tof the Slasher, an amateur DsBe of Trog (D:3)
  Crazy Yiuf (D:3)
  Natasha (twice) (D:3)
  2 adders
  2 worms (D:3)
  A dart slug (D:3)
  3 leopard geckos
  2 orcs (D:4)
  A ball python (D:1)
  2 giant cockroaches
  6 goblins
  3 hobgoblins (D:1)
  4 jackals
  A quokka (D:3)
  5 bats
  2 frilled lizards
  6 kobolds
  12 rats
57 creatures vanquished.

Notes
Turn   | Place    | Note
-------+----------+-------------------------------------------
     0 | D:1      | dvd the Troll Berserker began the quest for the Orb.
     0 | D:1      | Reached XP level 1. HP: 22/22 MP: 0/0
   349 | D:1      | Reached XP level 2. HP: 26/29 MP: 1/1
   670 | D:1      | Reached skill level 3 in Maces & Flails
   968 | D:2      | Reached ** piety under Trog
  1153 | D:2      | Found a blossoming altar of Fedhas.
  1348 | D:3      | Noticed a hippogriff
  1399 | D:3      | Reached XP level 3. HP: 21/36 MP: 2/2
  1434 | D:3      | Noticed tof's ghost (amateur DsBe)
  1754 | D:3      | Reached skill level 1 in Throwing
  1894 | D:3      | Killed tof's ghost
  1894 | D:3      | Reached XP level 4. HP: 44/44 MP: 3/3
  1958 | D:3      | Noticed Natasha
  1965 | D:3      | Killed Natasha
  1965 | D:3      | Reached XP level 5. HP: 52/52 MP: 4/4
  2128 | D:3      | Found a runed door.
  2132 | D:3      | Noticed Crazy Yiuf
  2140 | D:3      | Killed Crazy Yiuf
  2277 | D:3      | Noticed Natasha
  2286 | D:3      | Killed Natasha
  2286 | D:3      | Reached skill level 4 in Maces & Flails
  2292 | D:3      | Noticed Sigmund
  2390 | D:3      | Killed Sigmund
  2390 | D:3      | Reached XP level 6. HP: 61/61 MP: 5/5
  2501 | D:4      | Noticed EnegeticOcto's ghost (novice GnWn)
  2551 | D:4      | HP: 3/61 [EnegeticOcto's ghost (4)]
  2551 | D:4      | HP: 1/61 [EnegeticOcto's ghost (2)]
  2553 | D:4      | Mangled by EnegeticOcto's ghost

Vault maps used:
D:1:      matt_arrival_grand_opening
D:2:      lemuel_crystal_altar, st_stairs_13
D:3:      serial_glass, glass_columns_a, glass_columns_a, due_unseen_surprise,
          minmay_strange_pillars, uniq_crazy_yiuf_cottage, uniq_sigmund,
          uniq_natasha
D:4:      grunt_temple_overflow_order_and_chaos_1

Skill      XL: |  1  2  3  4  5 |
---------------+----------------+-----
Maces & Flails | 3 4 |  4.4
Throwing       | 1 2 |  2.6
Dodging        | 3 |  3.3
Fighting       | 3 |  3.3
Stealth        | |  0.8

Action                   |  1- 3 |  4- 6 || total
-------------------------+-------+-------++-------
Melee: Mace              |   130 |    67 ||   197
Throw: Stone             |    80 |       ||    80
Invok: Berserk           |     1 |     5 ||     6
  Use: Scroll            |     5 |     4 ||     9
       Potion            |       |     1 ||     1
 Stab: Sleeping          |     2 |       ||     2
  Eat: Chunk             |    23 |     9 ||    32
Armor: Animal skin       |    46 |    39 ||    85
Dodge: Dodged            |    75 |    39 ||   114

Table legend:
 A = Spawn XP
 B = Non-spawn XP
 C = Spawn XP percentage of total XP
 D = Spawn monster count
 E = Non-spawn monster count
 F = Spawn count percentage of total count
 G = Total turns spent on level
                    A         B        C        D         E        F      G
               +---------+---------+-------+---------+---------+-------+---------
         Total |       0 |     573 |   0.0 |       0 |      57 |   0.0 |  2553
               +---------+---------+-------+---------+---------+-------+---------
           D:1 |       0 |      27 |   0.0 |       0 |      18 |   0.0 |   794
           D:2 |       0 |      22 |   0.0 |       0 |       8 |   0.0 |   668
           D:3 |       0 |     511 |   0.0 |       0 |      26 |   0.0 |   995
           D:4 |       0 |      13 |   0.0 |       0 |       5 |   0.0 |    96
               +---------+---------+-------+---------+---------+-------+---------
